 Dungeon Crawl Stone Soup version 0.22.0-27-ga576289601 (webtiles) character file.

275 MirrMurr the Vandal (level 6, -1/41 HPs)
             Began as a Halfling Hunter on Aug 21, 2018.
             Slain by a human zombie (3 damage)
             ... in an ossuary.
             The game lasted 00:08:29 (4045 turns).

MirrMurr the Vandal (Halfling Hunter)               Turns: 4045, Time: 00:08:30

Health: -1/41      AC:  5    Str: 15    XL:     6   Next: 49%
Magic:  6/6        EV: 15    Int:  9    God:
Gold:   178        SH:  0    Dex: 15    Spells: 5/5 levels left

rFire    . . .     SeeInvis .   b - +0 short sword
rCold    . . .     Gourm    .   (shield restricted)
rNeg     . . .     Faith    .   c - +0 leather armour
rPois    .         Spirit   .   (helmet restricted)
rElec    +         Reflect  .   v - +0 cloak
rCorr    +         Harm     .   (no gloves)
MR       .....                  g - +0 pair of boots
Stlth    ++........             (no amulet)
HPRegen  0.13/turn              h - ring of resist corrosion
MPRegen  0.10/turn              (no ring)

@: hasted (expiring), very quick
A: small, horns 1, mutation resistance 1, electricity resistance
a: no special abilities


You were in an ossuary.
You were not hungry.

You visited 1 branch of the dungeon, and saw 4 of its levels.
You also visited: Ossuary.

You collected 178 gold pieces.

Inventory:

Hand Weapons
 a - a +1 hunting sling
 b - a +0 short sword (weapon)
 q - a +0 blowgun
Missiles
 d - 34 sling bullets
 k - 142 stones
 o - 6 poisoned needles
 x - 8 tomahawks (quivered)
Armour
 c - a +0 leather armour (worn)
 g - a +0 pair of boots (worn)
 v - a +0 cloak (worn)
Jewellery
 h - a ring of resist corrosion (left hand)
Wands
 s - a wand of flame (4)
Scrolls
 l - a scroll of amnesia
 r - a scroll of remove curse
 w - a scroll of magic mapping
Potions
 m - a potion of lignification {unknown}
 n - a potion of brilliance {unknown}
 p - a potion of mutation
 t - a potion of flight {unknown}
 A - a potion of resistance
Comestibles
 f - 5 rations


   Skills:
 + Level 2.7 Fighting
 * Level 4.0 Short Blades
 + Level 6.9 Slings
 + Level 2.3 Armour
 + Level 3.3 Dodging
 - Level 1.1 Stealth


You had 5 spell levels left.
You didn't know any spells.
Your spell library contained the following spells:

 Spells                   Type           Power        Failure   Level  Hunger
 Beastly Appendage        Tmut           #.....       45%         1    ##.....
 Sticks to Snakes         Tmut           #.......     58%         2    ###....
 Spider Form              Tmut/Pois      #.........   83%         3    ####...
 Ice Form                 Ice/Tmut       #.......     99%         4    #####..
 Blade Hands              Tmut           #.........   100%        5    ######.


Dungeon Overview and Level Annotations

Branches:
Dungeon (4/15)
 Temple: D:4-7

Altars:
Ashenzari
Dithmenos


Innate Abilities, Weirdness & Mutations

You are small and have problems with some larger weapons.
You are somewhat resistant to further mutation.
You have a pair of small horns on your head.
You are resistant to electric shocks. (rElec)


Message History

Press: ? - help, Shift-Dir - straight line, f/p - human zombie
Aim: a human zombie (moderately damaged)
The puff of flame misses the human zombie.
The puff of flame misses the orc zombie.
The big kobold zombie hits you.
* * * LOW HITPOINT WARNING * * *
The human zombie hits you but does no damage.
Evoke which item? (* to show all) (? for menu, Esc to quit)
Aiming: Throw Flame
Press: ? - help, Shift-Dir - straight line, f/p - human zombie
Aim: a human zombie (moderately damaged)
The puff of flame hits the human zombie.
The human zombie is heavily damaged.
The kobold zombie hits you but does no damage.
Unknown command.
The kobold zombie misses you. The big kobold zombie hits you.
* * * LOW HITPOINT WARNING * * *
The human zombie hits you.
You die...

.................
..................
#...............# ...
#...............##....
......................
....................#
....................#
..........∩∩.........#
#............Z@.......##
............ZZZ........#..
.. ...........ZZ............
..............Z.............
.... #......M........##.....
....##.....Z.........##.....
...........M................
............................
+#.........#####.........#+#


You could see 2 mummies, 2 hobgoblin zombies, a kobold zombie, 2 big kobold
zombies, 2 orc zombies and a human zombie.

Vanquished Creatures
  An ogre (D:4)
  A hound zombie (Ossuary)
  Robin (D:2)
  4 adders
  2 gnolls
  3 oozes
  2 worms (D:2)
  3 dart slugs
  5 leopard geckos
  An orc (D:3)
  8 bats
  6 hobgoblins
  11 jackals
  A quokka (D:3)
  3 frilled lizards
  A gnoll zombie (Ossuary)
  12 goblins
  A goblin zombie (Ossuary)
  8 kobolds
  An orc zombie (Ossuary)
  4 rats (D:1)
79 creatures vanquished.

Notes
Turn   | Place    | Note
-------+----------+-------------------------------------------
     0 | D:1      | MirrMurr the Halfling Hunter began the quest for the Orb.
     0 | D:1      | Reached XP level 1. HP: 14/14 MP: 1/1
    63 | D:1      | Reached XP level 2. HP: 8/19 MP: 2/2
   101 | D:1      | Reached skill level 1 in Short Blades
   254 | D:1      | Reached skill level 6 in Slings
   312 | D:1      | Found a shattered altar of Ashenzari.
   591 | D:1      | Reached XP level 3. HP: 20/24 MP: 3/3
   819 | D:1      | Reached skill level 1 in Armour
  1495 | D:2      | Found a shadowy altar of Dithmenos.
  1826 | D:2      | Reached XP level 4. HP: 28/29 MP: 4/4
  2686 | D:2      | Noticed Robin
  2716 | D:2      | Gained mutation: You have a pair of small horns on your head. [potion of mutation]
  2716 | D:2      | Gained mutation: You are resistant to electric shocks. (rElec) [potion of mutation]
  2718 | D:2      | Killed Robin
  2718 | D:2      | Reached XP level 5. HP: 14/34 MP: 5/5
  3922 | D:4      | Noticed an ogre
  3938 | D:4      | Killed an ogre
  3938 | D:4      | Reached XP level 6. HP: 41/41 MP: 6/6
  3963 | D:4      | Found a sand-covered staircase.
  3971 | Ossuary  | Entered an ossuary
  4045 | Ossuary  | HP: 2/41 [big kobold zombie (2)]
  4045 | Ossuary  | Slain by a human zombie

Skill      XL: |  1  2  3  4  5 |
---------------+----------------+-----
Short Blades   | 1 2 4 |  4.0
Slings         | 6 |  6.9
Fighting       | 2 |  2.7
Armour         | 1 2 |  2.3
Dodging        | 3 |  3.3
Stealth        | |  1.1

Action                   |  1- 3 |  4- 6 || total
-------------------------+-------+-------++-------
Melee: Short sword       |   126 |   134 ||   260
       Headbutt          |       |     7 ||     7
 Fire: Hunting sling     |    14 |    66 ||    80
Throw: Tomahawk          |       |     1 ||     1
Evoke: Wand              |       |    12 ||    12
  Use: Potion            |       |     5 ||     5
       Scroll            |       |     8 ||     8
 Stab: Sleeping          |     3 |     1 ||     4
  Eat: Chunk             |     3 |     7 ||    10
Armor: Leather armour    |    28 |    28 ||    56
Dodge: Dodged            |   103 |   139 ||   242
